 Dungeon Sprint DCSS version 0.27-a0-93-g19769c27d7 (webtiles) character file.

Game seed: 11557562437004525387

365 rocky1 the Zephyrmancer (level 6, -2/37 HPs)
             Began as a Tengu Air Elementalist on Jan 17, 2021.
             Was an Elder of Sif Muna.
             Slain by an elephant (3 damage)
             ... in the Dungeon (Sprint VII: "The Pits").
             The game lasted 00:04:13 (724 turns).

rocky1 the Zephyrmancer (Tengu Air Elementalist)     Turns: 724, Time: 00:04:14

Health: -2/37      AC:  2    Str:  8    XL:     6   Next: 68%
Magic:  12/12      EV: 14    Int: 17    God:    Sif Muna [****..]
Gold:   0          SH:  0    Dex: 15    Spells: 2/12 levels left

rFire    . . .     SeeInvis .   m - +1 long sword (holy)
rCold    . . .     Faith    .   (no shield)
rNeg     . . .     Spirit   .   a - +0 robe
rPois    .         Reflect  .   (helmet restricted)
rElec    .         Harm     .   (no cloak)
rCorr    .         Rampage  .   (no gloves)
Will     .....     NoTele   +   (boots unavailable)
Stlth    ++........             (no amulet)
HPRegen  0.12/turn              (no ring)
MPRegen  0.13/turn              (no ring)

@: very slightly contaminated, invisible
A: beak, talons 3, able to fly
a: Fly, Renounce Religion, Channel Magic, Forget Spell, Divine Exegesis


You were in the Dungeon.
You worshipped Sif Muna.
Sif Muna was greatly pleased with you.
You visited 1 branch

Inventory:

Hand Weapons
 m - a +1 long sword of holy wrath (weapon)
 n - a +1 quarterstaff of speed
Armour
 a - a +0 robe (worn)
 l - a +3 ring mail
Scrolls
 h - a scroll of blinking
 i - 3 scrolls of remove curse
 j - 5 scrolls of amnesia
 k - a scroll of summoning
Potions
 b - a potion of invisibility
 c - 6 potions of curing
 d - 5 potions of heal wounds
 e - a potion of haste
 f - 3 potions of magic
 g - a potion of berserk rage


   Skills:
 + Level 3.2 Fighting
 + Level 3.6 Long Blades
 + Level 3.5 Armour
 + Level 4.3 Dodging
 - Level 2.0 Stealth
 + Level 3.8 Spellcasting
 + Level 9.8 Conjurations
 + Level 10.5 Air Magic
 + Level 3.0 Invocations


You had 2 spell levels left.
You knew the following spells:

 Your Spells              Type           Power        Failure   Level
a - Shock                 Conj/Air       100%         1%          1
b - Swiftness             Air            39%          1%          2
c - Static Discharge      Conj/Air       37%          1%          3
d - Airstrike             Air            19%          2%          4

Your spell library contained the following spells:

 Spells                   Type           Power        Failure   Level
 Lightning Bolt           Conj/Air       18%          7%          5


Dungeon Overview and Level Annotations

Branches:
Dungeon (1/1)

Altars:
Ashenzari
Cheibriados
Dithmenos
Elyvilon
Fedhas
Gozag
Hepliaklqana
Kikubaaqudgha
Makhleb
Nemelex Xobeh
Okawaru
Qazlal
Ru
Sif Muna
Trog
Uskayaw
Vehumet
Wu Jian
Xom
Yredelemnul
Zin
The Shining One
Beogh
Jiyva
Lugonu


Innate Abilities, Weirdness & Mutations

You have a beak for a mouth.
You have claws for feet.
You can fly continuously.


Message History

Press: ? - help, Dir - move target, f/p - elephant
Aim: an elephant (moderately wounded)
The air twists around and strikes the elephant!
The elephant is heavily wounded.
Unknown command.
Casting: Airstrike (dangerous; 2% risk of failure)
Confirm with . or Enter, or press ? or * to list all spells.
Aiming: Airstrike (dangerous; 2% risk of failure)
Press: ? - help, Dir - move target, f/p - elephant
Aim: an elephant (heavily wounded)
The air twists around and strikes the elephant!
The elephant is severely wounded.
The elephant closely misses you. The elephant trunk-slaps you.
* * * LOW HITPOINT WARNING * * *
You feel much better. The elephant tramples you!
You hold your ground!
The elephant barely misses you. Magic courses through your body.
The elephant tramples you!
* * * LOW HITPOINT WARNING * * *
You hold your ground!
The elephant trunk-slaps you.
You die...

#†#..#.))..##.......#
#'###########.......#
#.......# #########
#.†###..# #.......#
##.###.##+#
#.......#.+
#..###..#Y#
#.......'@#
###########


You could see an elephant.

Vanquished Creatures
  A warg (D)
  A floating eye (D)
  An ice beast (D)
  A jelly (D)
  A gnoll (D)
  2 ufetubi (D)
  A worm (D)
  2 bats (D)
  A bat zombie (D)
  A goblin (D)
  2 jackals (D)
  A quokka (D)
  2 ball pythons (D)
17 creatures vanquished.

Notes
Turn   | Place    | Note
-------+----------+-------------------------------------------
     0 | D        | rocky1 the Tengu Air Elementalist began the quest for the
                  | Orb.
     0 | D        | Reached XP level 1. HP: 10/10 MP: 4/4
    11 | D        | Noticed a floating eye
    19 | D        | Paralysed by a floating eye for 3 turns
    22 | D        | Killed a floating eye
    23 | D        | Reached skill level 9 in Air Magic
    23 | D        | Reached XP level 2. HP: 15/15 MP: 6/6
    23 | D        | Reached XP level 3. HP: 19/19 MP: 7/7
    23 | D        | Reached XP level 4. HP: 24/24 MP: 8/8
    26 | D        | Learned a level 2 spell: Swiftness
    30 | D        | Learned a level 3 spell: Static Discharge
    55 | D        | Found a bloodstained altar of Trog.
    55 | D        | Found a shimmering blue altar of Sif Muna.
    55 | D        | Found a viscous altar of Jiyva.
    55 | D        | Found a hazy altar of Hepliaklqana.
    55 | D        | Found an opulent altar of Gozag.
    56 | D        | Found a glowing golden altar of the Shining One.
    56 | D        | Found a glowing silver altar of Zin.
    56 | D        | Found a basalt altar of Yredelemnul.
    56 | D        | Found a shimmering altar of Xom.
    56 | D        | Found an ornate altar of the Wu Jian Council.
    56 | D        | Found a sacrificial altar of Ru.
    56 | D        | Found a stormy altar of Qazlal.
    56 | D        | Found an iron altar of Okawaru.
    56 | D        | Found a sparkling altar of Nemelex Xobeh.
    56 | D        | Found a burning altar of Makhleb.
    56 | D        | Found a blossoming altar of Fedhas.
    56 | D        | Found a white marble altar of Elyvilon.
    56 | D        | Found a shadowy altar of Dithmenos.
    56 | D        | Found a snail-covered altar of Cheibriados.
    58 | D        | Found a radiant altar of Vehumet.
    58 | D        | Found a corrupted altar of Lugonu.
    58 | D        | Found a roughly hewn altar of Beogh.
    59 | D        | Found a hide-covered altar of Uskayaw.
    59 | D        | Found an ancient bone altar of Kikubaaqudgha.
    59 | D        | Found a broken altar of Ashenzari.
    61 | D        | Became a worshipper of Sif Muna the Loreminder
   120 | D        | Reached * piety under Sif Muna
   135 | D        | Gained mutation: You can fly continuously. [Tengu growth]
   135 | D        | Reached XP level 5. HP: 28/28 MP: 7/9
   138 | D        | Reached ** piety under Sif Muna
   389 | D        | Noticed an ice beast
   405 | D        | Killed an ice beast
   405 | D        | Reached *** piety under Sif Muna
   406 | D        | Reached skill level 10 in Air Magic
   406 | D        | Reached skill level 1 in Invocations
   459 | D        | Learned a level 4 spell: Airstrike
   462 | D        | Noticed a warg
   471 | D        | Killed a warg
   472 | D        | Reached XP level 6. HP: 37/37 MP: 7/12
   621 | D        | Reached **** piety under Sif Muna
   705 | D        | Noticed an elephant
   724 | D        | HP: 1/37 [elephant (17)]
   724 | D        | Slain by an elephant

Illustrated notes

Levels and vault maps discovered:
D:        pitsprint [storerooms_1, entrance_room_1, metal_vault_7, armoury_3,
          mini_pit_1, grid_room_1, main_hall_1, silver_pit, the_coven_1,
          the_vestibule_1, steel_vault_4, golden_pit, hallway_of_sentries,
          crystal_vault_2, iron_vault_3, final_vault]

Skill      XL: |  1  2  3  4  5  6 |
---------------+-------------------+-----
Conjurations   | 8 9 |  9.8
Air Magic      | 9 10 | 10.5
Fighting       | 3 |  3.2
Long Blades    | 3 |  3.6
Armour         | 3 |  3.5
Dodging        | 4 |  4.3
Spellcasting   | 3 |  3.8
Invocations    | 2 3 |  3.0
Stealth        | |  2.0

Action                   |  1- 3 |  4- 6 || total
-------------------------+-------+-------++-------
Melee: Unarmed           |     7 |       ||     7
       Kick              |     2 |    11 ||    13
       Peck              |     2 |     4 ||     6
       Falchion          |       |     7 ||     7
       Long sword        |       |    23 ||    23
 Cast: Shock             |       |    15 ||    15
       Airstrike         |       |     6 ||     6
  Use: Potion            |       |     5 ||     5
 Stab: Sleeping          |     1 |     1 ||     2
       Invisible         |       |     1 ||     1
Armor: Robe              |       |     5 ||     5
Dodge: Dodged            |       |    33 ||    33
       Rpst.: Falchion   |       |     4 ||     4
       Long sword        |       |     4 ||     4

Table legend: (Time is in decaauts)
 A = Elapsed time spent in this place.
 B = Non-inter-level travel time spent in this place.
 C = Inter-level travel time spent in this place.
 D = Time resting spent in this place.
 E = Time spent auto-exploring this place.
 F = Levels seen in this place.
 G = Mean time per level.
                   A        B        C        D        E       F      G
               +--------+--------+--------+--------+--------+-----+--------+
         Total |    752 |    752 |      0 |    456 |      0 |   1 |  752.0 |
       Dungeon |    752 |    752 |      0 |    456 |      0 |   1 |  752.0 |
               +--------+--------+--------+--------+--------+-----+--------+

Top non-repeatable levels by time:
       D: 752 daAuts
